 Dungeon Crawl Stone Soup version 0.30-a0-867-g305f33218d (webtiles) character file.

Game seed: 10202169518380002452

129453 Coron the Phalangite (level 16, -11/167 HPs)
             Began as a Minotaur Berserker on Mar 10, 2023.
             Was the Champion of Trog.
             Mangled by an eight-headed hydra simulacrum (41 damage)
             ... on level 4 of the Swamp.
             The game lasted 01:44:04 (26797 turns).

Coron the Phalangite (Minotaur Berserker)          Turns: 26797, Time: 01:44:04

Health: -11/167    AC: 35    Str: 30    XL:     16   Next: 50%
Magic:  0/24       EV: 10    Int:  4    God:    Trog [******]
Gold:   2205       SH:  0    Dex: 12    Spells: 15/15 levels left

rFire   . . .      SeeInvis +    Z - +5 Lochaber axe {reach-cleave, Poleaxe Drain}
rCold   . . .      Faith    .    (shield currently unavailable)
rNeg    . . .      Spirit   +    d - +8 plate armour of Hairiness {Harm Regen+ MP+9 SInv}
rPois   .          Reflect  .    (helmet restricted)
rElec   .          Rampage  ∞    (no cloak)
rCorr   .          Harm     + .  S - +3 pair of gloves "Ninococuhu" {Will+ Str+2}
Will    ++...                    Y - +3 pair of seven-league boots {Rampage+∞} Stlth
                                 s - amulet of guardian spirit
HPRegen 1.27/turn                q - ring of see invisible
MPRegen 0.19/turn                k - +4 ring of slaying

@: slowed, very slow
A: horns 2, retaliatory headbutt, mutation resistance 1, subdued magic 1
a: Renounce Religion, Berserk, Trog's Hand, Brothers in Arms


You were on level 4 of the Swamp.
You worshipped Trog.
Trog was exalted by your worship.
You visited 5 branches of the dungeon, and saw 26 of its levels.
You also visited: Gauntlet.

You collected 2519 gold pieces.
You spent 314 gold pieces at shops.

Inventory:

Hand Weapons
 Z - the +5 Lochaber axe (weapon) {reach-cleave, Poleaxe Drain}
   (Trog gifted it to you on level 5 of the Lair of Beasts)

   Poleaxe:   It uses either Axes or Polearms skill, whichever is higher.
   Drain:     It drains your maximum health when unequipped.
Missiles
 a - 9 silver javelins (quivered)
 l - 39 poisoned darts
 y - 4 throwing nets
Armour
 d - the +8 plate armour of Hairiness (worn) {Harm Regen+ MP+9 SInv}
   (You acquired it on level 5 of the Lair of Beasts)

   MP:        It affects your magic capacity (+9).
   SInv:      It lets you see invisible.
   Regen:     It increases your rate of health regeneration.
   Harm:      It increases damage dealt and taken.
 z - the +3 chain mail of the Stag {rN+ Regen+ rCorr Stlth-}
   (You acquired it on level 4 of the Lair of Beasts)

   rN:        It protects you from negative energy.
   Regen:     It increases your rate of health regeneration.
   rCorr:     It protects you from acid and corrosion.
   Stlth:     It makes you less stealthy.
 E - the +6 ring mail of the Equator {rPois Str+3 Dex+2}
   (You found it on level 7 of the Dungeon)

   Str:       It affects your strength (+3).
   Dex:       It affects your dexterity (+2).
   rPois:     It protects you from poison.
 S - the +3 pair of gloves "Ninococuhu" (worn) {Will+ Str+2}
   (You found it in a Gauntlet)

   Str:       It affects your strength (+2).
   Will:      It increases your willpower.
 U - a +2 pair of boots
 Y - the +3 pair of seven-league boots (worn) {Rampage+∞}
   (You found it on level 3 of the Lair of Beasts)

   Rampage+∞: When moving toward enemies, its wearer moves as far as possible.
Jewellery
 k - a +4 ring of slaying (right hand)
 o - an amulet of faith
 q - a ring of see invisible (left hand)
 s - an amulet of guardian spirit (around neck)
 M - an amulet of magic regeneration
 X - a ring of flight
Wands
 e - a wand of paralysis (20)
 g - a wand of mindburst (12)
 i - a wand of iceblast (15)
 j - a wand of flame (16)
 p - a wand of polymorph (9)
 F - a wand of digging (13)
 Q - a wand of acid (38)
Scrolls
 b - 12 scrolls of teleportation
 h - a scroll of enchant weapon
 m - 5 scrolls of poison
 n - a scroll of summoning
 r - a scroll of fog
 t - 2 scrolls of fear
 H - 2 scrolls of enchant armour
 I - 2 scrolls of blinking
 J - a scroll of brand weapon
 L - 2 scrolls of silence
 V - 3 scrolls of magic mapping
Potions
 f - 4 potions of mutation
 u - a potion of haste
 w - 7 potions of heal wounds
 x - 2 potions of ambrosia
 A - 4 potions of berserk rage
 B - 3 potions of invisibility
 C - a potion of cancellation
 D - 6 potions of curing
 K - 2 potions of might
 N - 6 potions of flight
 P - 4 potions of magic
Miscellaneous
 c - a phial of floods
 v - a piece from Xom's chessboard (15/15)
 O - a lightning rod (4/4)
 W - a phantom mirror


   Skills:
 - Level 21.0 Fighting
 - Level 4.0(15.1) Axes
 + Level 22.0(22.2) Polearms
 - Level 17.0 Armour
 - Level 4.0 Dodging
 - Level 0.4 Conjurations
 - Level 5.0 Evocations


You had 15 spell levels left.
You didn't know any spells.
Your spell library was empty.

Dungeon Overview and Level Annotations

Branches:
Dungeon (14/15)            Temple (1/1) D:6            Lair (5/5) D:9
  Swamp (4/4) Lair:3        Snake (0/4) Lair:3        Slime (0/5) Lair:4
    Orc (2/2) D:11            Elf (0/3) Orc:2        Vaults (0/5) D:14
Gauntlet (visited)

Altars:
Ashenzari
Cheibriados
Dithmenos
Elyvilon
Fedhas
Gozag
Hepliaklqana
Kikubaaqudgha
Makhleb
Nemelex Xobeh
Okawaru
Qazlal
Ru
Sif Muna
Trog
Uskayaw
Vehumet
Wu Jian
Xom
Yredelemnul
Zin
The Shining One

Shops:
D:1 ?   D:10 *   D:11 [(   Orc:2 (!([

Annotations:
D:14 Rupert
Swamp:2 Roxanne


Innate Abilities, Weirdness & Mutations

You have a pair of horns on your head.
You reflexively headbutt those who attack you in melee.
You are somewhat resistant to further mutation.
Your spells are a little easier to cast, but a little less powerful.


Message History

You stride towards the freezing wraith!
You closely miss the freezing wraith. You headbutt the freezing wraith!
The freezing wraith is moderately damaged.
The freezing wraith hits you but does no damage. x2
You slice the freezing wraith!!
You destroy the freezing wraith!
Trog accepts your kill.
No target in view!
You start resting.
A freezing wraith comes into view.
You enter the shallow water.
Moving in this stuff is going to be slow.
An eight-headed hydra simulacrum comes into view.
You stride towards the eight-headed hydra simulacrum!
You enter the shallow water.
Moving in this stuff is going to be slow.
Your unstable footing causes you to fumble your attack.
The freezing wraith hits you but does no damage.
The freezing wraith hits you. The freezing wraith drains your vigour!
You feel yourself slow down.
The eight-headed hydra simulacrum bites you but does no damage. x3
The eight-headed hydra simulacrum barely misses you.
The eight-headed hydra simulacrum bites you but does no damage. x3
The eight-headed hydra simulacrum bites you!
The eight-headed hydra simulacrum freezes you!!
Your unstable footing causes you to fumble your attack.
The freezing wraith hits you but does no damage. x2
The eight-headed hydra simulacrum bites you but does no damage.
The eight-headed hydra simulacrum bites you.
The eight-headed hydra simulacrum freezes you!!
The eight-headed hydra simulacrum bites you but does no damage.
The eight-headed hydra simulacrum barely misses you.
The eight-headed hydra simulacrum bites you.
The eight-headed hydra simulacrum freezes you!!
* * * LOW HITPOINT WARNING * * *
The eight-headed hydra simulacrum barely misses you.
The eight-headed hydra simulacrum bites you.
* * * LOW HITPOINT WARNING * * *
The eight-headed hydra simulacrum freezes you!!!
You die...

[.♣♣ ♣.~~~~~~.♣
..~♣♣♣♣.~~†~~~~♣
♣...~.~~~~†~.~♣♣♣
♣~~~.~~~~..†~♣♣.♣
..♣~~~.~~~~.~~.♣..♣
~~..~.......~~~.♣♣♣
~~.♣♣♣~...~.~.~...♣ .
♣♣♣~~...~~~~~~♣♣♣♣
♣~.~....~~..@Z~..♣♣♣≈≈♣♣
♣.~....~.....W.~.....≈≈# ♣~
♣~..§.~~~~...♣.....≈≈.≈#♣ .~
♣...~~~~~~~....~~♣≈≈≈... ~~.
♣♣.~....~~~..~~~.≈≈≈.≈≈ ..~
♣~~.~~~~~~.♣.~~~~≈≈°≈♣#
~~♣♣♣♣..~♣♣.~~~~♣♣...♣♣≈≈.≈#
~~~~♣♣~§§♣♣.~~.♣♣ ♣♣♣♣♣♣..♣♣
~~~...~~.♣ ♣♣♣♣♣♣♣ ♣♣..≈≈♣


You could see a freezing wraith and an eight-headed hydra simulacrum.

Vanquished Creatures
  Jorgrun (Swamp:3)
  Kirke (Lair:4)
  An orc warlord (Orc:2)
  6 eleionomae
  4 bunyips
  A minotaur (Gauntlet)
  The ghost of Airmonger the Severer, a journeyman HOFi of Okawaru (Orc:2)
  Snorg (D:10)
  A fire dragon (Lair:4)
  A shambling mangrove (Swamp:4)
  20 hydras
  The ghost of luigi the Skirmisher, a journeyman DsHu of Okawaru (D:11)
  A spriggan air mage (Swamp:3)
  Erica (Lair:1)
  2 centaur warriors
  2 catoblepae
  A ghost crab (Swamp:3)
  10 alligators
  5 boulder beetles
  A spriggan berserker (Swamp:3)
  2 two-headed ogres
  2 orc high priests
  Urug (Lair:4)
  A soul eater (Gauntlet)
  A skyshark (Lair:4)
  5 goliath frogs
  5 skeletal warriors (D:13)
  A death drake (Swamp:4)
  3 spriggan druids
  7 swamp dragons
  A swamp dragon (shapeshifter) (D:11)
  6 bog bodies
  3 deep elf pyromancers
  An orc knight (Orc:2)
  2 manticores
  An orc sorcerer (Orc:2)
  4 cyclopes
  6 elephants (Lair:5)
  4 will-o-the-wisps
  10 centaur zombies (D:13)
  A guardian serpent (Lair:3)
  8 cane toads
  3 gargoyles
  2 rime drakes
  An unseen horror (D:12)
  7 komodo dragons
  2 kobold demonologists (D:11)
  A freezing wraith (Swamp:4)
  A harpy zombie (D:13)
  9 tyrant leeches
  6 polar bears
  10 trolls
  2 bloated husks (Swamp:1)
  3 meliai (D:13)
  Grinder (D:3)
  11 hornets
  11 dream sheep
  6 blink frogs
  2 meliai zombies (D:13)
  10 slime creatures (D:13)
  16 spriggans
  Sigmund (D:3)
  A vampire (D:13)
  5 wyverns
  76 yaks
  3 wraiths (D:13)
  3 shadows
  3 hogs (Lair:4)
  A basilisk (Lair:3)
  3 steam dragons (D:8)
  8 vampire mosquitoes
  15 swamp worms
  3 wargs (Orc:2)
  3 nagas (Lair:3)
  A hydra simulacrum (Swamp:4)
  Duvessa (D:7)
  20 water moccasins
  41 orc warriors
  A swamp drake (Swamp:2)
  5 black bears
  An ice beast (D:5)
  7 ogres
  5 boggarts (Lair:5)
  3 sky beasts
  5 centaurs
  26 wolves
  2 phantoms
  2 kobold brigands
  10 bullfrogs
  2 gnoll sergeants
  4 scorpions
  Dowan (D:7)
  11 wights
  A killer bee (D:8)
  4 howler monkeys
  5 electric eels
  2 gnoll boudas (D:8)
  18 orc priests
  7 hounds
  2 jellies
  2 sleepcaps
  Ijyb (D:3)
  3 iguanas (D:5)
  26 orc wizards
  11 adders
  25 gnolls
  5 shadow imps
  4 white imps
  An ufetubus (D:4)
  8 swamp drake simulacra (Swamp:4)
  2 dart slugs
  108 orcs
  4 bats
  5 endoplasms
  3 giant cockroaches
  7 goblins
  2 hobgoblins
  4 jackals (D:2)
  3 quokkas
  7 ball pythons
  3 frilled lizards
  13 kobolds
  9 rats
  A bush (Lair:4)
810 creatures vanquished.

Vanquished Creatures (collateral kills)
  An orc warlord (Orc:2)
  A two-headed ogre (D:11)
  A death knight (D:11)
  A boulder beetle (D:11)
  A cyclops (D:11)
  An ice statue (Gauntlet)
  A rime drake (Gauntlet)
7 creatures vanquished.

Vanquished Creatures (others)
  A bloated husk (Swamp:4)
  A human (Lair:4)
  A swamp drake (Swamp:1)
  An orc wizard (Orc:1)
  16 foxfires
  40 fungi
  73 plants
  4 withered plants (D:13)
137 creatures vanquished.

Grand Total: 954 creatures vanquished

Notes
Turn   | Place    | Note
-------+----------+-------------------------------------------
     0 | D:1      | Coron the Minotaur Berserker began the quest for the Orb.
     0 | D:1      | Reached XP level 1. HP: 19/19 MP: 0/0
   236 | D:1      | Found Cudath's Magic Scroll Shop.
   446 | D:1      | Reached XP level 2. HP: 26/27 MP: 1/1
   807 | D:1      | Reached skill level 1 in Polearms
   919 | D:2      | Reached ** piety under Trog
   969 | D:2      | Reached XP level 3. HP: 33/33 MP: 2/2
  1124 | D:2      | Reached XP level 4. HP: 40/40 MP: 3/3
  1184 | D:2      | You fall into a shaft and drop 2 floors!
  1204 | D:4      | Reached skill level 2 in Polearms
  1213 | D:3      | Noticed Ijyb
  1312 | D:4      | Gained mutation: You are somewhat resistant to further
                  | mutation. [potion of mutation]
  1312 | D:4      | Gained mutation: Your spells are a little easier to cast,
                  | but a little less powerful. [potion of mutation]
  1350 | D:4      | Reached skill level 3 in Polearms
  1461 | D:3      | Noticed Grinder
  1462 | D:3      | Paralysed by Grinder for 2 turns
  1476 | D:3      | Killed Grinder
  1477 | D:3      | Reached skill level 5 in Fighting
  1477 | D:3      | Reached skill level 4 in Polearms
  1477 | D:3      | Reached XP level 5. HP: 30/48 MP: 4/4
  1477 | D:3      | Reached XP level 6. HP: 35/56 MP: 5/5
  1507 | D:3      | Killed Ijyb
  1848 | D:3      | Noticed Sigmund
  1880 | D:3      | Killed Sigmund
  1881 | D:3      | Reached skill level 5 in Armour
  1881 | D:3      | Reached skill level 5 in Polearms
  1881 | D:3      | Reached XP level 7. HP: 26/61 MP: 6/6
  3595 | D:5      | Entered Level 5 of the Dungeon
  3604 | D:5      | Reached skill level 6 in Polearms
  3931 | D:5      | Reached *** piety under Trog
  3935 | D:5      | Reached skill level 7 in Polearms
  3935 | D:5      | Reached XP level 8. HP: 55/73 MP: 3/7
  4705 | D:5      | Reached skill level 8 in Polearms
  5268 | D:6      | Found a staircase to the Ecumenical Temple.
  5282 | Temple   | Entered the Ecumenical Temple
  5592 | D:6      | Found a hazy altar of Hepliaklqana.
  5849 | D:6      | Found an ornate altar of the Wu Jian Council.
  5958 | D:6      | Reached skill level 9 in Polearms
  6247 | D:6      | Found a radiant altar of Vehumet.
  6281 | D:6      | Found a glowing golden altar of the Shining One.
  6290 | D:6      | Found an opulent altar of Gozag.
  6290 | D:6      | Found a white marble altar of Elyvilon.
  6291 | D:6      | Found a stormy altar of Qazlal.
  6293 | D:6      | Found a shimmering altar of Xom.
  6294 | D:6      | Found a hide-covered altar of Uskayaw.
  6457 | D:7      | Reached XP level 9. HP: 81/81 MP: 8/8
  6465 | D:7      | Reached **** piety under Trog
  6623 | D:7      | Reached skill level 10 in Polearms
  6627 | D:7      | Identified the +6 ring mail of the Equator {rPois Str+3
                  | Dex+2}
  6749 | D:7      | Noticed Dowan
  6755 | D:7      | Noticed Duvessa
  6759 | D:7      | Killed Duvessa
  6762 | D:7      | Killed Dowan
  7315 | D:8      | Reached skill level 10 in Fighting
  7331 | D:8      | Reached skill level 11 in Polearms
  7349 | D:8      | Noticed a cyclops
  7355 | D:8      | Killed a cyclops
  7356 | D:8      | Reached XP level 10. HP: 94/94 MP: 6/9
  7424 | D:8      | Noticed a cyclops
  7551 | D:8      | Noticed a centaur warrior
  7561 | D:8      | Killed a centaur warrior
  7562 | D:8      | Reached skill level 12 in Polearms
  7999 | D:8      | Killed a cyclops
  8233 | D:8      | Found a glowing silver altar of Zin.
  8603 | D:9      | Reached ***** piety under Trog
  8770 | D:9      | Reached skill level 13 in Polearms
  8789 | D:9      | Found a burning altar of Makhleb.
  8830 | D:9      | Found a staircase to the Lair.
  8970 | D:9      | Reached XP level 11. HP: 95/104 MP: 8/10
  9614 | D:10     | Entered Level 10 of the Dungeon
  9860 | D:10     | Found a blossoming altar of Fedhas.
  9920 | D:10     | Noticed Snorg
  9929 | D:10     | Killed Snorg
 10033 | D:10     | Reached skill level 5 in Evocations
 10075 | D:10     | Reached skill level 14 in Polearms
 10279 | D:10     | Found Maidon's Elemental Accessories.
 10291 | D:10     | Received a gift from Trog
 11095 | D:11     | Found Gouh's Armour Shoppe.
 11096 | D:11     | Found a staircase to the Orcish Mines.
 11098 | D:11     | Found Etesaipp's Weapon Shoppe.
 11108 | D:11     | Bought a +0 pair of boots for 67 gold pieces
 11212 | D:11     | Upgraded the game from 0.30-a0-862-g1aabd4f9c5 to
                  | 0.30-a0-867-g305f33218d
 11324 | D:11     | Found a transporter.
 11326 | D:11     | Noticed luigi's ghost (journeyman DsHu)
 11329 | D:11     | Noticed a two-headed ogre
 11330 | D:11     | Noticed a boulder beetle
 11330 | D:11     | Noticed a death knight
 11333 | D:11     | Found a transporter.
 11703 | D:11     | Noticed a broodmother
 11704 | D:11     | a broodmother changed into a fire dragon
 11704 | D:11     | Noticed a fire dragon (glowing shapeshifter)
 11706 | D:11     | a fire dragon changed into an anaconda
 11706 | D:11     | Noticed an anaconda (glowing shapeshifter)
 11707 | D:11     | an anaconda changed into a merfolk
 11709 | D:11     | a merfolk changed into a glowing shapeshifter
 11709 | D:11     | Noticed a glowing shapeshifter (glowing shapeshifter)
 11710 | D:11     | a glowing shapeshifter changed into a two-headed ogre
 11710 | D:11     | Noticed a two-headed ogre (glowing shapeshifter)
 11711 | D:11     | a two-headed ogre changed into a cyclops
 11726 | D:11     | Noticed a shining eye
 11728 | D:11     | a shining eye changed into a faun
 11738 | D:11     | a floating eye changed into a mana viper
 11738 | D:11     | Noticed a mana viper (glowing shapeshifter)
 11740 | D:11     | a mana viper changed into a tarantella
 11881 | D:12     | Noticed a deep elf pyromancer
 11884 | D:12     | Reached skill level 15 in Polearms
 11890 | D:12     | Killed a deep elf pyromancer
 11891 | D:12     | Reached XP level 12. HP: 105/117 MP: 9/11
 12049 | D:12     | Found a broken altar of Ashenzari.
 12477 | D:13     | Noticed a seven-headed hydra
 12622 | D:13     | Found a gate leading to a gauntlet.
 12631 | Gauntlet | Entered a Gauntlet
 12631 | Gauntlet | Found a runed translucent door.
 12631 | Gauntlet | Found a transporter.
 12631 | Gauntlet | Found a runed translucent door.
 12631 | Gauntlet | Found a transporter.
 12783 | Gauntlet | Found a transporter.
 12794 | Gauntlet | Found a runed translucent door.
 12797 | Gauntlet | Found a transporter.
 12812 | Gauntlet | Found a transporter.
 12812 | Gauntlet | Found a transporter.
 12814 | Gauntlet | Found a transporter.
 12815 | Gauntlet | Found a transporter.
 12815 | Gauntlet | Found a transporter.
 12818 | Gauntlet | Noticed a hell hog
 12829 | Gauntlet | Found a transporter.
 12845 | Gauntlet | Found a transporter.
 12855 | Gauntlet | Found a transporter.
 12861 | Gauntlet | Found a transporter.
 12904 | Gauntlet | Found a transporter.
 12957 | Gauntlet | Reached skill level 15 in Fighting
 13031 | Gauntlet | Reached skill level 16 in Polearms
 13310 | Gauntlet | Identified the +3 pair of gloves "Ninococuhu" {Will+ Str+2}
 13361 | Gauntlet | Noticed a minotaur
 13372 | Gauntlet | Killed a minotaur
 13817 | D:13     | Noticed a centaur warrior
 13829 | D:13     | Killed a centaur warrior
 13839 | D:13     | Noticed a two-headed ogre
 13845 | D:13     | Killed a two-headed ogre
 13963 | Orc:1    | Entered Level 1 of the Orcish Mines
 14084 | Orc:2    | Entered Level 2 of the Orcish Mines
 14142 | Orc:1    | Noticed an orc high priest
 14149 | Orc:2    | Reached skill level 17 in Polearms
 14236 | Orc:2    | Received a gift from Trog
 14787 | Orc:1    | Killed an orc high priest
 15132 | Orc:2    | Found a runed translucent door.
 15132 | Orc:2    | Noticed Airmonger's ghost (journeyman HOFi)
 15139 | Orc:2    | Found a staircase to the Elven Halls.
 15243 | Orc:2    | Noticed a two-headed ogre
 15252 | Orc:2    | Killed a two-headed ogre
 15253 | Orc:2    | Reached XP level 13. HP: 107/128 MP: 10/12
 15620 | Orc:2    | Found Xositil's Distillery.
 15714 | Orc:2    | Found Otexaygg's Antique Weapon Shop.
 15809 | Orc:2    | Noticed an orc warlord
 15828 | Orc:2    | Killed an orc warlord
 15904 | Orc:2    | Received a gift from Trog
 16274 | Orc:2    | Noticed an orc warlord
 16296 | Orc:2    | Reached skill level 10 in Armour
 16398 | Orc:2    | Killed an orc warlord
 16423 | Orc:2    | Found Byubarch's Antique Weapon Boutique.
 16427 | Orc:2    | Found Lotorph's Antique Armour Shop.
 16436 | Orc:2    | Bought a pair of embroidered boots for 247 gold pieces
 16603 | Orc:2    | Killed Airmonger's ghost
 16796 | D:11     | Killed luigi's ghost
 16982 | Lair:1   | Entered Level 1 of the Lair of Beasts
 16984 | Lair:1   | Noticed Erica
 17027 | Lair:1   | Killed Erica
 17777 | Lair:2   | Identified the +6 short sword "Inkozoca" {distort, Int+2
                  | Stlth+}
 18941 | Lair:3   | Reached XP level 14. HP: 128/144 MP: 13/13
 18988 | Lair:3   | Found the +3 pair of seven-league boots {Rampage+∞}
 19417 | Lair:3   | Found a staircase to the Swamp.
 19422 | Lair:3   | Received a gift from Trog
 19637 | Lair:3   | Found a staircase to the Snake Pit.
 20019 | Lair:4   | Noticed Kirke
 20038 | Lair:4   | Killed Kirke
 20554 | Lair:4   | Noticed Urug
 20562 | Lair:4   | Killed Urug
 20860 | Lair:4   | Identified a scroll of acquirement
 20901 | Lair:4   | Acquired the +3 chain mail of the Stag {rN+ Regen+ rCorr
                  | Stlth-}
 20963 | Lair:4   | Found a staircase to the Slime Pits.
 21541 | Lair:5   | Entered Level 5 of the Lair of Beasts
 21762 | Lair:5   | Received a gift from Trog
 21762 | Lair:5   | Found the +5 Lochaber axe {reach-cleave, Poleaxe Drain}
 21781 | Lair:5   | Acquired the +8 plate armour of Hairiness {Harm Regen+ MP+9
                  | SInv}
 22175 | Lair:5   | Reached XP level 15. HP: 158/158 MP: 14/14
 22293 | Lair:5   | Received a gift from Trog
 22352 | Lair:5   | Identified the +4 helmet of the Eternal Fruit {Rampage}
 22968 | D:13     | Reached skill level 15 in Armour
 23344 | D:13     | Reached skill level 18 in Polearms
 23790 | D:14     | Noticed Rupert
 23790 | D:14     | Found a gate to the Vaults.
 24019 | Swamp:1  | Entered Level 1 of the Swamp
 24472 | Swamp:1  | Received a gift from Trog
 24483 | Swamp:1  | Reached skill level 19 in Polearms
 24720 | Swamp:1  | Identified the +10 broad axe "Iduxt" {speed, Dex+2}
 24746 | Swamp:1  | Identified the +9 broad axe of Anguish {spect, Dex+3 SInv}
 25194 | Swamp:2  | Reached skill level 20 in Polearms
 25831 | Swamp:2  | Identified Roxanne's Volume of Terrain
 25831 | Swamp:2  | Noticed Roxanne
 25985 | Swamp:3  | Reached XP level 16. HP: 167/167 MP: 15/15
 26039 | Swamp:3  | Reached skill level 21 in Polearms
 26054 | Swamp:3  | Noticed Jorgrun
 26060 | Swamp:3  | Killed Jorgrun
 26093 | Swamp:3  | Found a snail-covered altar of Cheibriados.
 26263 | Swamp:3  | Reached ****** piety under Trog
 26508 | Swamp:4  | Entered Level 4 of the Swamp
 26547 | Swamp:4  | Received a gift from Trog
 26779 | Swamp:4  | Reached skill level 22 in Polearms
 26797 | Swamp:4  | Mangled by an eight-headed hydra simulacrum

Illustrated notes

Levels and vault maps discovered:
D:1:      evilmike_arrival_fibonacci_small, layout_basic, serial_shops,
          nicolae_shop_hallway_plus
D:2:      layout_basic, serial_glass, glass_columns_a, glass_columns_b,
          st_stairs_14, minivault_5, amcnicky_mini_pool_small, minmay_tromino_v2
D:3:      layout_basic, uniq_ijyb, uniq_grinder, uniq_sigmund
D:4:      layout_loops_ring, enter_ossuary_5, serial_bayou,
          serial_bayou_crossing, serial_bayou_lagoon_b, serial_bayou_pond_c,
          serial_bayou_lagoon_a
D:5:      layout_layer_cave, chequers_serial_rivers_micro_e, minmay_between
D:6:      layout_gridville, mainiacjoe_overflow_alcove_4, lemuel_doored_altar,
          lemuel_round_altar, minitemple, minmay_temple_entry_statues_fountains
D:7:      minmay_spotlight, layout_loops_ring, uniq_duvessa
D:8:      minmay_ornate_pinched, layout_basic, mainiacjoe_overflow_cross_hatched
D:9:      layout_roguey, mainiacjoe_overflow_surrounded_room, erik_lair_island
D:10:     layout_stronghold, general_overflow_altar, nicolae_elemental_shop,
          uniq_snorg
D:11:     layout_grid_maze, orc_david_3, gammafunk_ghost_arena
D:12:     layout_cave_pools, serial_bayou_ford_a, ashenzari_conservatory_becter
D:13:     layout_basic, gauntlet_entry_generic, serial_undead, serial_undead_d,
          serial_undead_b, serial_undead_d, serial_undead_b, serial_undead_d,
          serial_undead_e, lemuel_flamethrower_2
D:14:     layout_cave_pools, david_vaults_3, enter_trove_6,
          chequers_serial_rivers_small_3, uniq_nessos, uniq_rupert
Temple:   jpeg_temple_alley_garden
Lair:1:   layout_hall_layers, minivault_25, lemuel_fruit_fields,
          grunt_megastairs_5, serial_bayou_shore_b, uniq_erica
Lair:2:   layout_regular_city
Lair:3:   layout_chaotic_city, nicolae_swamp_entry_splash_gauntlet,
          nicolae_snake_entry_squirm,
          hellmonk_guarded_unrand_seven_league_boots, lemuel_fruit_tree
Lair:4:   dragon1_lemuel, layout_small_grid, slime_entry_1, wad_woods_06,
          uniq_kirke, uniq_urug
Lair:5:   minmay_lair_end_enchanted_forest, layout_loops_ring,
          grunt_megastairs_3
Swamp:1:  layout_falls_marsh, nicolae_swamp_orc_logging_accident
Swamp:2:  layout_falls_marsh, hangedman_swamp_cone, st_swamp_ruins_4,
          infiniplex_staircase_pool, uniq_roxanne
Swamp:3:  layout_basic_swamp, lemuel_altar_in_water, uniq_jorgrun
Swamp:4:  swamp_icy, layout_basic_swamp
Orc:1:    layout_caves
Orc:2:    grunt_orc_community_town_hall, layout_diamond_mine,
          grunt_orc_community_big_house_2, grunt_orc_community_big_house_1,
          grunt_orc_community_house_1, grunt_orc_community_house_3,
          grunt_orc_community_house_2, grunt_orc_community_house_2, basic_altar,
          hellmonk_ghost_happy_afterlife

Skill      XL: |  1  2  3  4  5  6  7  8  9 10 11 12 13 14 15 16 |
---------------+-------------------------------------------------+-----
Fighting       | 4 5 7 8 10 12 14 16 18 21 | 21.0
Axes           | 4 |  4.0
Armour         | 3 4 5 6 7 8 9 12 14 16 17 | 17.0
Polearms       | 1 4 5 7 9 11 13 15 17 20 22 | 22.0
Evocations     | 2 3 5 |  5.0
Dodging        | 3 4 |  4.0
Conjurations   | |  0.4

Action                     |  1- 3 |  4- 6 |  7- 9 | 10-12 | 13-15 | 16-18 || total
---------------------------+-------+-------+-------+-------+-------+-------++-------
  Melee: Glaive            |    69 |    86 |       |       |       |       ||   155
         Hand axe          |     5 |       |       |       |       |       ||     5
         Headbutt          |     4 |     8 |    41 |   112 |   206 |    26 ||   397
         Halberd           |       |       |   310 |   619 |   671 |       ||  1600
         Lochaber axe      |       |       |       |       |   337 |   141 ||   478
   Fire: Sling             |     4 |       |       |       |       |       ||     4
  Throw: Stone             |     2 |       |       |       |       |       ||     2
 Invoke: Berserk           |       |     2 |     1 |     4 |     4 |       ||    11
         Trog's Hand       |       |     2 |     1 |     1 |     1 |       ||     5
         Brothers in Arms  |       |       |       |     1 |     3 |       ||     4
  Evoke: Wand              |       |       |     3 |     6 |    16 |       ||    25
         Lightning rod     |       |       |       |       |    11 |       ||    11
    Use: Scroll            |       |     3 |     4 |    13 |    11 |       ||    31
         Potion            |       |     3 |       |     1 |     1 |       ||     5
   Stab: Distracted        |       |       |       |       |     1 |       ||     1
         Petrified         |       |       |       |       |     3 |       ||     3
 Armour: Animal skin       |    15 |       |       |       |       |       ||    15
         Ring mail         |    23 |    45 |   145 |   255 |   235 |       ||   703
         Skin              |       |     9 |       |       |       |       ||     9
         Chain mail        |       |       |       |       |   110 |       ||   110
         Plate armour      |       |       |       |       |   325 |    88 ||   413
  Dodge: Dodged            |    54 |    34 |   139 |   278 |   451 |    45 ||  1001

Table legend: (Time is in decaauts)
 A = Elapsed time spent in this place.
 B = Non-inter-level travel time spent in this place.
 C = Inter-level travel time spent in this place.
 D = Time resting spent in this place.
 E = Time spent auto-exploring this place.
 F = Levels seen in this place.
 G = Mean time per level.
                   A        B        C        D        E       F      G
               +--------+--------+--------+--------+--------+-----+--------+
         Total |  26905 |  25543 |   1362 |   4685 |  13873 |  27 |  996.5 |
       Dungeon |  14200 |  13434 |    766 |   1961 |   8166 |  14 | 1014.3 |
        Temple |    227 |    175 |     52 |      0 |    169 |   1 |  227.0 |
          Lair |   5897 |   5439 |    458 |    930 |   3160 |   5 | 1179.4 |
         Swamp |   2892 |   2852 |     40 |    664 |   1405 |   4 |  723.0 |
  Orcish Mines |   2730 |   2685 |     45 |    815 |    806 |   2 | 1365.0 |
      Gauntlet |    957 |    957 |      0 |    315 |    165 |   1 |  957.0 |
               +--------+--------+--------+--------+--------+-----+--------+

Top non-repeatable levels by time:
   Orc:2: 2236 daAuts
  Lair:3: 1793 daAuts
     D:5: 1661 daAuts
    D:11: 1409 daAuts
  Lair:4: 1397 daAuts
    D:13: 1371 daAuts
     D:8: 1287 daAuts
  Lair:5: 1187 daAuts
     D:9: 1121 daAuts
 Swamp:2: 1106 daAuts
    D:10: 1094 daAuts
     D:3: 1028 daAuts
     D:4: 974 daAuts
Gauntlet: 957 daAuts
 Swamp:1: 918 daAuts
